 Dungeon Crawl Stone Soup version 0.28.0-53-g5a82cb258f (webtiles) character file.

Game seed: 8547305471256207583

72 unlimited1921 the Chopper (level 4, 0/41 HPs)
             Began as a Gnoll Cinder Acolyte on July 8, 2022.
             Was a High Priest of Ignis.
             Succumbed to a scorpion's poison
             ... on level 3 of the Dungeon.
             The game lasted 00:04:24 (2413 turns).

unlimited1921 the Chopper (Gnoll Cinder Acolyte)    Turns: 2413, Time: 00:04:25

Health: 0/41       AC:  6    Str: 15    XL:     4   Next: 26%
Magic:  8/8        EV: 10    Int: 13    God:    Ignis [*****.]
Gold:   48         SH:  0    Dex:  8    Spells: 9/9 levels left

rFire   + . .      SeeInvis .   a - -1 hand axe (flame)
rCold   . . .      Faith    .   (no shield)
rNeg    . . .      Spirit   .   k - +0 ring mail
rPois   .          Reflect  .   (no helmet)
rElec   .          Harm     .   e - +0 cloak
rCorr   .          Rampage  .   (no gloves)
Will    .....                   (no boots)
Stlth   +.........              n - amulet of regeneration
HPRegen 0.93/turn               (no ring)
MPRegen 0.11/turn               (no ring)

@: lethally poisoned (0 -> -2)
A: fangs 1, strong nose, distributed training
a: Renounce Religion, Fiery Armour, Foxfire Swarm, Rising Flame


You were on level 3 of the Dungeon.
You worshipped Ignis.
Ignis was extremely pleased with you.
You visited 1 branch of the dungeon, and saw 3 of its levels.

You collected 48 gold pieces.

Inventory:

Hand Weapons
 a - a -1 hand axe of flaming (weapon)
 l - a +0 long sword
Missiles
 h - 37 stones (quivered)
 o - 45 arrows
Armour
 b - a +0 robe
 e - a +0 cloak (worn)
 k - a +0 ring mail (worn)
Magical Staves
 p - a staff of poison
Jewellery
 n - an amulet of regeneration (around neck)
 s - an amulet of reflection
Scrolls
 c - a scroll of summoning {unknown}
 d - a scroll of teleportation {unknown}
 g - a scroll of noise {unknown}
 i - a scroll of vulnerability {unknown}
 m - a scroll of enchant armour {unknown}
 r - a scroll of identify {unknown}
Potions
 f - 2 potions of heal wounds {unknown}
 j - a potion of brilliance {unknown}
 q - 2 potions of degeneration {unknown}


   Skills:
 + Level 6.6 Fighting
 + Level 1.1 Short Blades
 + Level 1.1 Long Blades
 + Level 6.6 Axes
 + Level 1.1 Maces & Flails
 + Level 1.1 Polearms
 + Level 1.1 Staves
 + Level 1.1 Slings
 + Level 1.1 Bows
 + Level 1.1 Crossbows
 + Level 1.1 Throwing
 + Level 1.1 Armour
 + Level 1.1 Dodging
 + Level 1.1 Stealth
 + Level 1.1 Shields
 + Level 1.1 Unarmed Combat
 + Level 3.0 Spellcasting
 + Level 0.8 Conjurations
 + Level 0.8 Hexes
 + Level 0.8 Summonings
 + Level 0.8 Necromancy
 + Level 0.8 Translocations
 + Level 0.8 Transmutations
 + Level 5.4 Fire Magic
 + Level 0.8 Ice Magic
 + Level 0.8 Air Magic
 + Level 0.8 Earth Magic
 + Level 0.8 Poison Magic
 + Level 1.2 Invocations
 + Level 1.1 Evocations


You had 9 spell levels left.
You didn't know any spells.
Your spell library contained the following spells:

 Spells                   Type           Power      Damage    Failure   Level
 Scorch                   Fire           32%        2d7       8%          2


Dungeon Overview and Level Annotations

Branches:
Dungeon (3/15)

Altars:


Innate Abilities, Weirdness & Mutations

You have very sharp teeth.
Your uncanny sense of smell can sniff out nearby items.
Your experience applies equally to all skills.


Message History

You feel sick.
You feel sick.
You feel sick.
You are no longer poisoned.
The scorpion stings you but does no damage.
The scorpion barely misses you. The scorpion stings you.
* * * LOW HITPOINT WARNING * * *
You are poisoned.
The scorpion poisons you!
You feel sick.
You are too injured to fight recklessly!
You feel sick.
You feel sick.
You feel sick.
You are too injured to fight recklessly!
You feel sick. The scorpion stings you.
* * * LOW HITPOINT WARNING * * *
You feel sick.
You are too injured to fight recklessly!
You feel sick.
You are no longer poisoned.
You are too injured to fight recklessly!
The scorpion stings you.
* * * LOW HITPOINT WARNING * * *
Found a ring mail.
You are too injured to fight recklessly!
The scorpion stings you.
* * * LOW HITPOINT WARNING * * *
You are lethally poisoned!
The scorpion poisons you!
You are too injured to fight recklessly!
* * * LOW HITPOINT WARNING * * *
You feel very sick.
* * * LOW HITPOINT WARNING * * *
You feel very sick.
* * * LOW HITPOINT WARNING * * *
You feel sick.
Found a scroll labelled WOSIMN URUSEGI and 24 stones.
You die...

.#.###.....## .#.#
##...## .#.## #####
....# ....############
. .........##....# ∆
.. .##.###........#
#.#
......#...#....###...#
##)...........s.@...#
...........######.[.#
#####.####..# ?..#
#.... .#.... ...#
#...... ##### #....
#......# ..###
#......# ..( #......#
.##. #......#


You could see a scorpion.

Vanquished Creatures
  Jessica (D:3)
  An adder (D:3)
  A worm (D:2)
  A dart slug (D:3)
  5 bats
  An endoplasm (D:3)
  2 giant cockroaches (D:1)
  A goblin (D:1)
  3 hobgoblins
  2 kobolds
  2 quokkas (D:1)
  5 ball pythons
  5 frilled lizards
  3 rats
33 creatures vanquished.

Notes
Turn   | Place    | Note
-------+----------+-------------------------------------------
     0 | D:1      | unlimited1921 the Gnoll Cinder Acolyte began the quest for
                  | the Orb.
     0 | D:1      | Reached XP level 1. HP: 23/23 MP: 4/4
    61 | D:1      | Reached XP level 2. HP: 23/29 MP: 5/5
  1324 | D:2      | Reached XP level 3. HP: 29/35 MP: 7/7
  2197 | D:3      | Noticed Jessica
  2208 | D:3      | Killed Jessica
  2209 | D:3      | Reached skill level 1 in Short Blades
  2209 | D:3      | Reached skill level 1 in Long Blades
  2209 | D:3      | Reached skill level 1 in Maces & Flails
  2209 | D:3      | Reached skill level 1 in Polearms
  2209 | D:3      | Reached skill level 1 in Staves
  2209 | D:3      | Reached skill level 1 in Slings
  2209 | D:3      | Reached skill level 1 in Bows
  2209 | D:3      | Reached skill level 1 in Crossbows
  2209 | D:3      | Reached skill level 1 in Throwing
  2209 | D:3      | Reached skill level 1 in Armour
  2209 | D:3      | Reached skill level 1 in Dodging
  2209 | D:3      | Reached skill level 1 in Stealth
  2209 | D:3      | Reached skill level 1 in Shields
  2209 | D:3      | Reached skill level 1 in Unarmed Combat
  2209 | D:3      | Reached skill level 1 in Invocations
  2209 | D:3      | Reached skill level 1 in Evocations
  2270 | D:3      | Reached XP level 4. HP: 40/41 MP: 8/8
  2361 | D:3      | Noticed a scorpion
  2411 | D:3      | HP: 1/41 [poisoned by a scorpion]
  2413 | D:3      | Succumbed to a scorpion's poison

Illustrated notes

Levels and vault maps discovered:
D:1:      scummos_arrival_star, layout_loops_ring, st_stairs_5,
          nicolae_figureground_sparkle
D:2:      layout_loops_ring
D:3:      layout_rooms, uniq_jessica

Skill      XL: |  1  2  3  4 |
---------------+-------------+-----
Short Blades   | 1 |  1.1
Long Blades    | 1 |  1.1
Maces & Flails | 1 |  1.1
Polearms       | 1 |  1.1
Staves         | 1 |  1.1
Slings         | 1 |  1.1
Bows           | 1 |  1.1
Crossbows      | 1 |  1.1
Throwing       | 1 |  1.1
Armour         | 1 |  1.1
Dodging        | 1 |  1.1
Stealth        | 1 |  1.1
Shields        | 1 |  1.1
Unarmed Combat | 1 |  1.1
Invocations    | 1 |  1.2
Evocations     | 1 |  1.1
Spellcasting   | 3 |  3.0
Fighting       | |  6.6
Axes           | |  6.6
Conjurations   | |  0.8
Hexes          | |  0.8
Summonings     | |  0.8
Necromancy     | |  0.8
Translocations | |  0.8
Transmutations | |  0.8
Fire Magic     | |  5.4
Ice Magic      | |  0.8
Air Magic      | |  0.8
Earth Magic    | |  0.8
Poison Magic   | |  0.8

Action                   |  1- 3 |  4- 6 || total
-------------------------+-------+-------++-------
Melee: Hand axe          |    99 |    31 ||   130
       Bite              |     3 |     3 ||     6
       Punch             |     1 |     3 ||     4
Armor: Robe              |    17 |       ||    17
       Ring mail         |    17 |    18 ||    35
Dodge: Dodged            |    43 |    21 ||    64
